 Dungeon Crawl Stone Soup version 0.27.1-33-g824d729ab1 (webtiles) character file.

Game seed: 8438869445283727720

38 jlumianski the Skirmisher (level 3, -3/24 HPs)
             Began as a Gargoyle Monk on Dec 15, 2021.
             Killed from afar by Natasha (9 damage)
             ... with a magic dart
             ... on level 1 of the Dungeon.
             The game lasted 00:03:38 (1175 turns).

jlumianski the Skirmisher (Gargoyle Monk)           Turns: 1175, Time: 00:03:39

Health: -3/24      AC:  5    Str: 15    XL:     3   Next: 43%
Magic:  3/3        EV: 12    Int: 10    God:
Gold:   49         SH:  0    Dex: 12    Spells: 2/2 levels left

rFire    . . .     SeeInvis .   a - +0 hand axe
rCold    . . .     Faith    .   (no shield)
rNeg     + . .     Spirit   .   b - +0 robe
rPois    ∞         Reflect  .   (no helmet)
rElec    +         Harm     .   (no cloak)
rCorr    .         Rampage  .   (no gloves)
Will     .....                  (no boots)
Stlth    ++........             (no amulet)
HPRegen  0.08/turn              (no ring)
MPRegen  0.08/turn              (no ring)

@: no status effects
A: sickness immunity, AC +3, negative energy resistance 1, electricity
resistance, torment resistance 1, petrification resistance
a: no special abilities


You were on level 1 of the Dungeon.
You visited 1 branch of the dungeon, and saw 2 of its levels.

You collected 49 gold pieces.

Inventory:

Hand Weapons
 a - a +0 hand axe (weapon)
 d - a +0 dagger
Missiles
 c - 76 stones (quivered)
 g - 10 poisoned darts
Armour
 b - a +0 robe (worn)
Scrolls
 e - a scroll of vulnerability {unknown}
 h - a scroll of enchant weapon {unknown}
Potions
 f - a potion of heal wounds {unknown}


   Skills:
 + Level 3.7 Fighting
 + Level 3.2 Axes
 + Level 2.8 Dodging
 + Level 2.3 Stealth


You had 2 spell levels left.
You didn't know any spells.
Your spell library was empty.

Dungeon Overview and Level Annotations

Branches:
Dungeon (2/15)

Altars:

Annotations:
D:1 Natasha
D:2 Jessica


Innate Abilities, Weirdness & Mutations

You are immune to sickness and miasma.
Your stone body is resilient. (AC +3)
You are immune to poison.
You resist negative energy. (rN+)
You are resistant to electric shocks. (rElec)
You are resistant to unholy torment.
You are immune to petrification.


Message History

A bat comes into view.
Jessica gestures wildly while chanting.
Jessica blinks!
You see here a stone.
Natasha stares at you and mumbles some strange words.
You feel yourself slow down. Jessica closely misses you.
Natasha casts a spell.
Jessica hits you with a +0 club. Jessica barely misses you.
Natasha casts a spell.
Jessica barely misses you.
Natasha casts a spell.
Jessica mumbles something strange.
Natasha howls an incantation.
You feel troubled.
Jessica grins evilly.
Jessica hits you with a +0 club.
Jessica casts a spell.
Jessica blinks!
The rat bites you but does no damage. The rat misses you.
Jessica gestures at you while chanting. Pain shoots through your body!
The rat bites you but does no damage. The rat closely misses you.
You feel yourself speed up.
The shadow imp disappears in a puff of smoke!
Jessica casts a spell.
Jessica seems to speed up.
The rat closely misses you. Jessica gestures at you while chanting.
Pain shoots through your body!
* * * LOW HITPOINT WARNING * * *
There is a stone staircase leading up here.
Natasha claws you but does no damage.
You climb upwards.
There is a stone staircase leading down here.
The rat bites you but does no damage.
Things that are here:
a +0 dagger; a goblin corpse The rat barely misses you.
Natasha stares at you and mumbles some strange words.
The magic dart hits you!
You die...

.##.g### #.....#
..#.## ###.#####
#...####...#
.r.#.....#.#
...#.#####.#
.....#####.########
..............^...###
..#..#####.######...#
g.............h)@..##
...............r####
................#
........).......#
................#
##........#######
#........# #........#
#........#


You could see Natasha and a rat.

Vanquished Creatures
  A dart slug (D:1)
  3 ball pythons (D:1)
  3 endoplasms (D:1)
  4 goblins (D:1)
  2 hobgoblins (D:1)
  6 jackals (D:1)
  2 kobolds (D:1)
  2 quokkas
  4 frilled lizards
  4 rats (D:1)
31 creatures vanquished.

Notes
Turn   | Place    | Note
-------+----------+-------------------------------------------
     0 | D:1      | jlumianski the Gargoyle Monk began the quest for the Orb.
     0 | D:1      | Reached XP level 1. HP: 14/14 MP: 1/1
   161 | D:1      | Reached XP level 2. HP: 12/19 MP: 2/2
   581 | D:1      | Reached XP level 3. HP: 18/23 MP: 3/3
  1125 | D:2      | Noticed Jessica
  1147 | D:2      | Noticed Natasha
  1175 | D:1      | Killed from afar by Natasha

Illustrated notes

Levels and vault maps discovered:
D:1:      elethiomel_arrival_quiet, layout_rooms
D:2:      layout_rooms, ebering_ecumenical_altar_webs, basic_altar,
          corexii_corridor_pit, feat_on_display, uniq_jessica, uniq_natasha

Skill      XL: |  1  2 |
---------------+-------+-----
Axes           | 3 |  3.2
Fighting       | |  3.7
Dodging        | |  2.8
Stealth        | |  2.3

Action                   || total
-------------------------++-------
Melee: Hand axe          ||   106
Throw: Stone             ||     1
 Stab: Sleeping          ||     1
Armor: Robe              ||    35
Dodge: Dodged            ||    95
